 Dungeon Crawl Stone Soup version 0.29.1-15-g9cfb28693d (webtiles) character file.

Game seed: 8342555405124560148

315 protoss039 the Digger (level 6, -1/44 (47) HPs)
             Began as a Demonspawn Earth Elementalist on Mar 15, 2023.
             Slain by Grinder (6 damage)
             ... on level 4 of the Dungeon.
             The game lasted 00:04:25 (3087 turns).

protoss039 the Digger (DsEE)                        Turns: 3087, Time: 00:04:25

HP:   -1/44 (47)    AC:  6    Str:  9    XL:     6   Next: 19%
MP:   11/11         EV: 16    Int: 18    God:
Gold: 207           SH:  0    Dex: 13    Spells: 6/12 levels left

rFire   . . .      SeeInvis .   k - +1 flail (venom)
rCold   . . .      Faith    .   (no shield)
rNeg    . . .      Spirit   .   a - +0 robe
rPois   .          Reflect  .   (no helmet)
rElec   .          Harm     .   n - +0 cloak
rCorr   .          Rampage  .   (no gloves)
Will    .....                   (no boots)
Stlth   ++........              (no amulet)
HPRegen 0.14/turn               h - +4 ring of evasion
MPRegen 0.12/turn               (no ring)

@: brilliant, drained
A: slimy green scales 2, ignite blood 1
a: no special abilities


You were on level 4 of the Dungeon.
You visited 1 branch of the dungeon, and saw 4 of its levels.

You collected 207 gold pieces.

Inventory:

Hand Weapons
 k - a +1 flail of venom (weapon)
Armour
 a - a +0 robe (worn)
 n - a +0 cloak (worn)
Magical Staves
 g - a staff of fire
Jewellery
 h - a +4 ring of evasion (left hand)
Scrolls
 d - a scroll of identify
 f - 4 scrolls of teleportation
 i - 4 scrolls of enchant weapon
 j - a scroll of butterflies
Potions
 c - a potion of curing


   Skills:
 + Level 3.3 Fighting
 - Level 1.7 Dodging
 - Level 1.7 Stealth
 + Level 3.8 Spellcasting
 - Level 0.8 Transmutations
 + Level 4.3 Earth Magic


You had 6 spell levels left.
You knew the following spells:

 Your Spells              Type           Power      Damage    Failure   Level
a - Sandblast             Erth           56%        2d13      2%          1
b - Passwall              Tmut/Erth      15%        N/A       8%          2
c - Stone Arrow           Conj/Erth      32%        3d9       19%         3

Your spell library contained the following spells:

 Spells                   Type           Power      Damage    Failure   Level
 Ignite Poison            Fire/Tmut/Pois 6%         N/A       38%         3
 Conjure Flame            Conj/Fire      5%         6-21      41%         3
 Gell's Gravitas          Tloc           5%         N/A       41%         3
 Lesser Beckoning         Tloc           5%         N/A       41%         3
 Teleport Other           Tloc           5%         N/A       41%         3
 Petrify                  Tmut/Erth      19%        N/A       45%         4
 Sticky Flame             Conj/Fire      5%         2d3       83%         4


Dungeon Overview and Level Annotations

Branches:
Dungeon (4/15) Zot: 20861
 Temple: D:4-7

Altars:

Annotations:
D:4 Grinder


Innate Abilities, Weirdness & Mutations

You are mostly covered in slimy green scales. (AC +3)
Your demonic aura sometimes causes spilled blood to erupt in flames.


Message History

Grinder is severely wounded.
The necrophage misses you. Grinder gestures at you.
You suddenly lose the ability to move!
Your magical contamination has completely faded away.
The necrophage barely misses you. Grinder gestures at you.
You shrug off the repeated paralysis!
Grinder hits you but does no damage.
The necrophage hits you but does no damage.
Grinder hits you. The necrophage hits you.
* * * LOW HITPOINT WARNING * * *
You can move again.
Unknown command.
Unknown command.
Unknown command.
Unknown command.
You feel clever all of a sudden. Grinder misses you.
The necrophage closely misses you.
Casting: Sandblast (safe; 2% risk of failure)
Confirm with . or Enter, or press ? or * to list all spells.
Aiming: Sandblast (safe; 2% risk of failure)
Press: ? - help, Shift-Dir - straight line, f/p - Grinder
Aim: Grinder (severely wounded, 81% to hit)
You feel a surge of power!
The blast of sand hits Grinder!
Grinder is almost dead.
The necrophage hits you but does no damage.
Grinder hits you.
* * * LOW HITPOINT WARNING * * *
You writhe in agony.
* * * LOW HITPOINT WARNING * * *
Grinder barely misses you. The necrophage completely misses you.
Unknown command.
Casting: Sandblast (safe; 2% risk of failure)
Confirm with . or Enter, or press ? or * to list all spells.
You don't have enough magic to cast this spell.
Unknown command.
Unknown command.
Magic courses through your body. Grinder hits you.
You die...

#.).# #...##.#####
##.## ###...####
#######.#######.......#
..............#.##.##.#
#######.........##.##.#
#.......#..#.##.#
#.......#....##.#
#.....n..?.......
#....@5..?... ..#
#..)....##)#. ###
####.##.# )......
##.#.#### #.#.# ..# #
###


You could see Grinder and a necrophage.

Vanquished Creatures
  Menkaure (D:4)
  A hound (D:4)
  2 orc wizards (D:4)
  Natasha (D:4)
  3 adders
  An ufetubus (D:3)
  4 worms
  2 dart slugs
  2 orcs (D:4)
  A ball python (D:2)
  4 endoplasms
  2 giant cockroaches (D:1)
  3 hobgoblins
  5 jackals
  4 kobolds
  A quokka (D:3)
  A bat (D:2)
  A frilled lizard (D:3)
  7 goblins
  4 rats
50 creatures vanquished.

Notes
Turn   | Place    | Note
-------+----------+-------------------------------------------
     0 | D:1      | protoss039 the Demonspawn Earth Elementalist began the
                  | quest for the Orb.
     0 | D:1      | Reached XP level 1. HP: 13/13 MP: 3/3
   433 | D:1      | Gained mutation: Your demonic aura sometimes causes spilled
                  | blood to erupt in flames. [demonic ancestry]
   433 | D:1      | Reached XP level 2. HP: 20/20 MP: 3/5
   618 | D:1      | Found a faded altar of an unknown god.
   806 | D:1      | Learned a level 2 spell: Passwall
   929 | D:2      | Reached skill level 1 in Fighting
   929 | D:2      | Reached skill level 3 in Earth Magic
  1308 | D:2      | Gained mutation: You are partially covered in slimy green
                  | scales. (AC +2) [demonic ancestry]
  1308 | D:2      | Reached XP level 3. HP: 26/26 MP: 1/6
  1552 | D:2      | Learned a level 3 spell: Stone Arrow
  2271 | D:4      | Noticed Menkaure
  2276 | D:4      | Killed Menkaure
  2277 | D:4      | Reached XP level 4. HP: 15/34 MP: 0/9
  2277 | D:4      | Gained mutation: You are mostly covered in slimy green
                  | scales. (AC +3) [demonic ancestry]
  2277 | D:4      | Reached XP level 5. HP: 17/39 MP: 0/10
  2630 | D:4      | Reached skill level 4 in Earth Magic
  2677 | D:4      | Noticed Natasha
  2679 | D:4      | Killed Natasha
  2680 | D:4      | Reached XP level 6. HP: 11/47 MP: 6/11
  3070 | D:4      | Noticed Grinder
  3070 | D:4      | Paralysed by Grinder for 4 turns
  3081 | D:4      | Paralysed by Grinder for 4 turns
  3087 | D:4      | Slain by Grinder

Illustrated notes

Levels and vault maps discovered:
D:1:      dpeg_arrival_arbitrary_b, layout_basic, shapermc_ecumenical_altar_gd
D:2:      layout_basic
D:3:      layout_basic, columned_hall_lemuel
D:4:      layout_loops_cross, uniq_menkaure, uniq_natasha, uniq_grinder

Skill      XL: |  1  2  3  4  5 |
---------------+----------------+-----
Fighting       | 1 2 3 |  3.3
Earth Magic    | 3 4 |  4.3
Spellcasting   | 3 |  3.8
Dodging        | |  1.7
Stealth        | |  1.7
Transmutations | |  0.8

Action                   |  1- 3 |  4- 6 || total
-------------------------+-------+-------++-------
Melee: Short sword       |     5 |    23 ||    28
       War axe           |    12 |     1 ||    13
       Flail             |       |     4 ||     4
 Cast: Sandblast         |    46 |    38 ||    84
       Stone Arrow       |     1 |     1 ||     2
  Use: Scroll            |     8 |       ||     8
       Potion            |       |     6 ||     6
 Stab: Sleeping          |     2 |       ||     2
       Distracted        |     1 |       ||     1
Armor: Robe              |    14 |    39 ||    53
Dodge: Dodged            |    20 |    97 ||   117
